Unix NetHack Version 5.0.0-0 post-release - last build Jun 10 2026 00:39:30 (3ee93aec679c4c4259841fe613dc97188e26a321,branch:main).

Game began 2026-06-12 20:05:14, ended 2026-06-12 20:17:54.

Ch3Begorrah, chaotic male human Rogue

                            -- --    -
                            |.-.     .
                           --.)--  -.|
                    --------....---..|
                     .............G.-
                      -..---...%.@.---
                      |..--..........---
                      |<...............|
                      --....|.--.--....|
                       --..------- -.---
                        ----        --
Ch3Begorrah the Cutpurse  St:15 Dx:18 Co:11 In:10 Wi:12 Ch:9  Chaotic
Dlvl:5  $:76 HP:0(25) Pw:10(10) AC:6  Xp:3 T:1492 

Latest messages:
 In what direction? .
 There is a large box here; pick its lock? [ynq] (q) y
 You succeed in picking the lock.
 L - an ebony wand.
 M - a green gem.
 N - a red gem.
 What do you want to write with? [- aglstEHIK-N or ?*] -
 You write in the dust with your fingertip.
 What do you want to write in the dust here? ELbe
 What do you want to write with? [- aglstEHIK-N or ?*] ?
 The engraving now reads: "There ?s more magic ?n th?s cave ?han mee?s the e?e.".
 What do you want to call? [ko-qstGHJL-N or ?*] L
 Call an ebony wand: polt
 You descend the stairs.
 You see here a mace.
 O - a mace.
 You see here a yellow gem.
 P - a yellow gem.
 The gnome lord hits!
 In what direction? l
 You throw 2 daggers.
 The 1st dagger hits the gnome lord.
 The 2nd dagger hits the gnome lord!
 The gnome lord hits!
 In what direction? l
 The dagger hits the gnome lord.
 The gnome lord hits!
 You hear rumbling in the distance.
 The gnome picks up 3 +1 daggers.
 In what direction? l
 The dagger hits the gnome lord.
 The gnome lord hits!
 In what direction? l
 You throw 2 daggers.
 The 1st dagger hits the gnome lord.
 The 2nd dagger hits the gnome lord.
 You kill the gnome lord!
 In what direction? k
 In what direction? l
 You kill the gnome!
 E - 3 +1 daggers (at the ready) (9 in total).
 You see here a gnome lord corpse.
 E - a +1 dagger (at the ready) (10 in total).
 E - 3 +1 daggers (at the ready) (13 in total).
 The gnome wields a thonged club!
 The gnome secures the tether on the thonged club.
 The gnome swings her thonged club.
 The gnome hits!
 You die...
 Do you want your possessions identified? [ynq] (y) q

Inventory:
 Coins    ('$')
  $ - 76 gold pieces
 Weapons  (')')
  K - a +0 sling
  g - 9 +0 shuriken
  l - a +1 dagger (weapon in right hand)
  E - 13 +1 daggers (at the ready)
  I - a +0 axe
  O - a +0 mace
  a - a +0 short sword (alternate weapon; not wielded)
 Armor    ('[')
  G - an uncursed +0 helmet (being worn)
  c - a blessed +1 leather armor (being worn)
 Comestibles  ('%')
  i - 2 uncursed carrots
 Scrolls  ('?')
  q - a blessed scroll of confuse monster named ok
  J - a cursed scroll of identify
  k - an uncursed scroll of light named ok
 Spellbooks  ('+')
  o - an uncursed spellbook of knock
 Potions  ('!')
  d - an uncursed potion of sickness
 Wands    ('/')
  L - a wand of polymorph (0:5)
  s - a wand of sleep (0:5)
 Tools    ('(')
  f - an empty uncursed sack
  e - an uncursed lock pick
  p - an uncursed skeleton key
 Gems/Stones  ('*')
  t - an uncursed agate stone
  M - an uncursed worthless piece of green glass
  N - an uncursed worthless piece of red glass
  P - an uncursed worthless piece of yellow glass
  H - a cursed worthless piece of yellow glass

Ch3Begorrah the Rogue's attributes:

Background:
 You were a Cutpurse, a level 3 male human Rogue.
 You were chaotic, nominally on a mission for Kos
 who was opposed by Issek (lawful) and Mog (neutral).
 You were right-handed.
 You were in the Gnomish Mines, on level 5.
 You entered the dungeon 1492 turns ago.
 You had 69 experience points, 11 more were needed to attain level 4.

Basics:
 You had 0 out of 25 hit points.
 You had all 10 energy points (spell power).
 Your armor class was 6.
 Your wallet contained 76 zorkmids.
 Autopickup was on for '$!/(' plus thrown, with exceptions.

Final Characteristics:
 Your strength was 15 (limit:18/100).
 Your dexterity was 18 (limit:18).
 Your constitution was 11 (limit:18).
 Your intelligence was 10 (limit:18).
 Your wisdom was 12 (limit:18).
 Your charisma was 9 (limit:18).

Final Status:
 You weren't hungry.
 You were unencumbered.
 You were wielding a dagger.
 You had basic skill with dagger.

Final Attributes:
 You were devoutly aligned.
 You were stealthy.
 You were warded.
 You are dead.

Miscellaneous:
 You didn't encounter any bones levels.
 Total elapsed playing time was 12 minutes and 40 seconds.

Major events:
 Turn
    1: Ch3Begorrah the chaotic male human Rogue entered the dungeon
 1388: attained the rank of Cutpurse (level 3)
 1469: entered the Gnomish Mines
 1492: killed by a gnome

You didn't know any spells.

Skills:
 Fighting Skills
   bare handed combat [Unskilled]
   two weapon combat  [Unskilled]
   riding             [Unskilled]
 Weapon Skills
   dagger             [Basic]
   knife              [Unskilled]
   short sword        [Basic]
   broadsword         [Unskilled]
   long sword         [Unskilled]
   two-handed sword   [Unskilled]
   saber              [Unskilled]
   club               [Unskilled]
   mace               [Unskilled]
   morning star       [Unskilled]
   flail              [Unskilled]
   hammer             [Unskilled]
   polearms           [Unskilled]
   spear              [Unskilled]
   crossbow           [Unskilled]
   dart               [Unskilled]
   shuriken           [Unskilled]
 Spellcasting Skills
   divination spells  [Unskilled]
   escape spells      [Unskilled]
   matter spells      [Unskilled]

Voluntary challenges:
 Character rerolling was not enabled.
 You followed a strict vegan diet.
 You were an atheist.
 You never genocided any monsters.
 You never polymorphed an object.
 You never changed form.
 You used no wishes.
Achievements:
 You entered a shop.
 You attained the rank of Cutpurse.
 You entered the Gnomish Mines.

 The Dungeons of Doom: levels 1 to 5
    Level 1:
    Level 2:
       A potion shop, a fountain.
    Level 3:
       A scroll shop.
    Level 4:
       Stairs down to The Gnomish Mines.
    Level 5:
 The Gnomish Mines:
    Level 5: <- You were here.
       Final resting place for
          you, killed by a gnome.


Vanquished creatures:
  2 gnome leaders
  a hobbit
  a giant rat
  a yellow mold
  a gnome
  a gecko
  3 jackals
  2 kobolds
  3 grid bugs
  a bat
  2 lichens
  a kobold zombie
  4 newts
23 creatures vanquished.

No species were genocided or became extinct.

Game over:
                       ----------
                      /          \
                     /    REST    \
                    /      IN      \
                   /     PEACE      \
                  /                  \
                  |   Ch3Begorrah    |
                  |      76 Au       |
                  |   killed by a    |
                  |      gnome       |
                  |                  |
                  |                  |
                  |       2026       |
                 *|     *  *  *      | *
        _________)/\\_//(\/(/\)/\//\/|_)_______

Goodbye Ch3Begorrah the Rogue...

You died in The Gnomish Mines on dungeon level 5 with 565 points,
and 76 pieces of gold, after 1492 moves.
You were level 3 with a maximum of 25 hit points when you died.

